 Dungeon Crawl Stone Soup version 0.18.1-8-gdd0e5ea (webtiles) character file.

238 varitox the Conjurer (level 5, -1/28 HPs)
             Began as a Deep Elf Conjurer on May 28, 2016.
             Shot with an arrow by a centaur (9 damage)
             ... on level 5 of the Dungeon.
             The game lasted 00:13:08 (2733 turns).

varitox the Conjurer (Deep Elf Conjurer)            Turns: 2733, Time: 00:13:09

Health: -1/28      AC:  2    Str:  5    XL:     5   Next: 78%
Magic:  0/14       EV: 13    Int: 21    God:
Gold:   59         SH:  0    Dex: 15    Spells: 4 memorised, 3 levels left

rFire  . . .     SeeInvis +     g - +0 dagger
rCold  . . .     Gourm    .     a - +0 robe
rNeg   . . .     Faith    .     (no shield)
rPois  .         Spirit   +     (no helmet)
rElec  .         Dismiss  .     (no cloak)
rCorr  .         Reflect  .     (no gloves)
SustAt .         Harm     .     (no boots)
MR     .....                    q - amulet of guardian spirit
Stlth  ++........               m - ring of wizardry
                                j - ring of see invisible

@: not resistant to hostile enchantments, unstealthy
A: no striking features
a: no special abilities


You were on level 5 of the Dungeon.
You were not hungry.

You visited 1 branch of the dungeon, and saw 5 of its levels.

You collected 59 gold pieces.

Inventory:

Hand Weapons
 g - a +0 dagger (weapon)
Armour
 a - a +0 robe (worn)
Jewellery
 j - a ring of see invisible (left hand)
 m - a ring of wizardry (right hand)
 q - an amulet of guardian spirit (around neck)
Wands
 v - a wand of enslavement (18/24)
Scrolls
 d - 3 scrolls of remove curse {unknown}
 k - 2 scrolls of teleportation {unknown}
 n - a scroll of noise {unknown}
 o - a scroll of fog {unknown}
 p - a scroll of enchant weapon {unknown}
 r - a scroll of enchant armour {unknown}
Potions
 e - a potion of haste {unknown}
 f - a potion of magic {unknown}
 h - a potion of resistance {unknown}
 l - 2 potions of heal wounds {unknown}
 s - a potion of might {unknown}
 u - a potion of curing {unknown}
Books
 b - a book of Conjurations

   Spells                             Type                      Level
   a - Magic Dart                     Conjuration                  1
   b - Searing Ray                    Conjuration                  2
   c - Dazzling Spray                 Conjuration/Hexes            3
   d - Fulminant Prism                Conjuration/Hexes            4
   e - Iskenderun's Mystic Blast      Conjuration                  4
   f - Iskenderun's Battlesphere      Conjuration/Charms           5
Comestibles
 c - 4 bread rations
 i - a meat ration
 t - 10 fruits
 w - 4 chunks of flesh


   Skills:
 + Level 2.9 Dodging
 + Level 2.5 Stealth
 + Level 5.1 Spellcasting
 + Level 6.7 Conjurations


You had 3 spell levels left.
You knew the following spells:

 Your Spells              Type           Power        Failure   Level  Hunger
a - Magic Dart            Conj           ####         1%          1    None
b - Searing Ray           Conj           ####..       1%          2    None
c - Iskenderun's Mystic   Conj           ####....     3%          4    ####...
d - Fulminant Prism       Conj/Hex       ###.......   12%         4    ####...


Dungeon Overview and Level Annotations

Branches:
Dungeon (5/15)
 Temple: D:4-7

Altars:
Dithmenos
Fedhas
Pakellas
Yredelemnul


Message History

The centaur is heavily wounded.
The centaur barely misses you.
Casting: Magic Dart
Confirm with . or Enter, or press ? or * to list all spells.
Aiming: Magic Dart
Press: ? - help, Shift-Dir - straight line, f/p - centaur
Aim: a centaur (heavily wounded)
The magic dart hits the centaur.
The centaur is heavily wounded.
The centaur hits you but does no damage.
The centaur barely misses you.
The centaur wields a shortbow.
The centaur shoots an arrow.
The arrow hits you!
* * * LOW HITPOINT WARNING * * *
You see here an arrow.
The centaur shoots an arrow.
The arrow closely misses you.
You see here an arrow.
The centaur shoots an arrow.
The arrow barely misses you.
Found 16 arrows.
The centaur shoots an arrow.
The arrow hits you!
You die...

###...............#
..?...............#
.............#.##.#
............#..#
.......†...###...#
........a.## #..#
.......#(#.## ###
.....#.#c##.#..#
....##./..@..# ...#
###.(.......# ###
#######.### #


You could see a centaur.

Vanquished Creatures
  A scorpion (D:4)
  A centaur zombie (D:3)
  2 worker ants
  4 adders (D:2)
  A shadow imp (D:5)
  An ooze (D:1)
  3 worms (D:2)
  A dart slug (D:1)
  3 giant geckos (D:4)
  An orc (D:3)
  6 bats
  3 giant cockroaches
  4 goblins
  7 hobgoblins
  2 jackals (D:2)
  A quokka (D:2)
  3 giant newts
  A jackal skeleton (D:4)
  A kobold (D:1)
  5 rats
51 creatures vanquished.

Notes
Turn   | Place    | Note
--------------------------------------------------------------
     0 | D:1      | varitox the Deep Elf Conjurer began the quest for the Orb.
     0 | D:1      | Reached XP level 1. HP: 10/10 MP: 6/6
   340 | D:1      | Reached XP level 2. HP: 13/15 MP: 2/8
   344 | D:1      | Learned a level 2 spell: Searing Ray
   684 | D:2      | Reached skill level 5 in Conjurations
   969 | D:2      | Reached XP level 3. HP: 19/19 MP: 6/10
  1297 | D:2      | Found an oddly glowing altar of Pakellas.
  1325 | D:3      | Reached XP level 4. HP: 24/24 MP: 9/11
  1343 | D:2      | Learned a level 4 spell: Iskenderun's Mystic Blast
  1924 | D:3      | Learned a level 4 spell: Fulminant Prism
  2074 | D:3      | Found a shadowy altar of Dithmenos.
  2104 | D:3      | Found a blossoming altar of Fedhas.
  2113 | D:3      | Reached skill level 6 in Conjurations
  2450 | D:4      | Reached XP level 5. HP: 23/28 MP: 1/13
  2542 | D:4      | Found a basalt altar of Yredelemnul.
  2554 | D:4      | Reached skill level 5 in Spellcasting
  2655 | D:5      | Entered Level 5 of the Dungeon
  2721 | D:5      | Noticed a centaur
  2733 | D:5      | Shot with an arrow by a centaur

Skill      XL: |  1  2  3  4  5 |
---------------+----------------+-----
Conjurations   | 5 6 |  6.7
Spellcasting   | 4 5 |  5.1
Dodging        | |  2.9
Stealth        | |  2.5

Action                   |  1- 3 |  4- 6 || total
-------------------------+-------+-------++-------
Melee: Dagger            |     4 |     1 ||     5
 Cast: Magic Dart        |    66 |    49 ||   115
       Searing Ray       |     3 |     2 ||     5
       Iskenderun's Myst |       |     4 ||     4
  Eat: Chunk             |     1 |     5 ||     6
Armor: Robe              |     3 |     3 ||     6
Dodge: Dodged            |    12 |    12 ||    24
